 Dungeon Crawl Stone Soup version 0.28-a0-724-g66f9036eb4 (webtiles) character file.

Game seed: 7702853592877108624

119 AarnesTheHuman the Covered (level 5, 0/43 HPs)
             Began as a Barachi Fighter on Oct 27, 2021.
             Slain by a gnoll (2 damage)
             ... on level 4 of the Dungeon.
             The game lasted 00:03:32 (2432 turns).

AarnesTheHuman the Covered (Barachi Fighter)        Turns: 2432, Time: 00:03:32

Health: 0/43       AC: 10    Str: 19    XL:     5   Next: 3%
Magic:  5/5        EV:  7    Int:  8    God:
Gold:   104        SH:  9    Dex: 11    Spells: 4/4 levels left

rFire   . . .      SeeInvis .   a - +1 long sword
rCold   . . .      Faith    .   o - +1 kite shield {AC+3}
rNeg    . . .      Spirit   .   b - +0 scale mail
rPois   .          Reflect  .   (no helmet)
rElec   .          Harm     .   (no cloak)
rCorr   .          Rampage  .   (no gloves)
Will    .....                   (no boots)
Stlth   ..........              (no amulet)
HPRegen 0.14/turn               (no ring)
MPRegen 0.09/turn               (no ring)

@: mighty, slow
A: amphibious, slowness 1, strong legs 1, +LOS
a: Hop


You were on level 4 of the Dungeon.
You visited 1 branch of the dungeon, and saw 4 of its levels.

You collected 104 gold pieces.

Inventory:

Hand Weapons
 a - a +1 long sword (weapon)
Missiles
 f - 6 poisoned darts (quivered)
 k - 21 sling bullets
 m - 85 stones
Armour
 b - a +0 scale mail (worn)
 c - a +0 buckler
 o - a +1 kite shield of protection (worn)
Scrolls
 e - 2 scrolls of magic mapping
Potions
 d - 2 potions of might
 g - 2 potions of curing
 h - a potion of haste {unknown}
 n - a potion of mutation {unknown}
 q - a potion of brilliance {unknown}
 t - a potion of berserk rage


   Skills:
 + Level 4.6 Fighting
 + Level 3.5 Long Blades
 + Level 4.6 Armour
 + Level 4.1 Shields


You had 4 spell levels left.
You didn't know any spells.
Your spell library was empty.

Dungeon Overview and Level Annotations

Branches:
Dungeon (4/15)
 Temple: D:4-7

Altars:
Nemelex Xobeh

Shops:
D:2 *


Innate Abilities, Weirdness & Mutations

You are amphibious.
You cover ground slowly.
You can hop short distances.
You have an extended range of vision and can be seen from far away.


Message History

Okay, then.
Throw: 8 darts (poison)
Press: ? - help, Q - select action, (/) - cycle Shift-Dir - straight line, f - gnoll sergeant
Aim: a gnoll sergeant, wielding a +4 trident of protection and wearing a +0 scale mail (65% to hit)
You throw a poisoned dart.
The poisoned dart closely misses the gnoll sergeant.
Throw: 7 darts (poison)
Press: ? - help, Q - select action, (/) - cycle Shift-Dir - straight line, f/p - gnoll sergeant
Aim: a gnoll sergeant, wielding a +4 trident of protection and wearing a +0 scale mail (64% to hit)
You throw a poisoned dart.
The poisoned dart hits the gnoll sergeant.
The gnoll shouts!
You block the gnoll sergeant's attack.
The gnoll sergeant hits you with a +4 trident of protection!
You closely miss the gnoll sergeant. The gnoll sergeant barely misses you.
The gnoll sergeant hits you with a +4 trident of protection!
You hit the gnoll sergeant.
The gnoll sergeant is lightly wounded.
The gnoll sergeant hits you with a +4 trident of protection.
You feel very mighty all of a sudden.
The gnoll sergeant hits you with a +4 trident of protection.
You slash the gnoll sergeant!
The gnoll sergeant is severely wounded.
The gnoll sergeant hits you but does no damage.
An orc wizard comes into view. It is wielding a +0 dagger.
The gnoll sergeant hits you with a +4 trident of protection.
* * * LOW HITPOINT WARNING * * *
The orc wizard shouts!
You hit the gnoll sergeant but do no damage.
The gnoll sergeant is severely wounded.
You hear a shout!
The gnoll sergeant hits you with a +4 trident of protection!
* * * LOW HITPOINT WARNING * * *
The orc wizard gestures wildly while chanting.
The orc wizard flickers and vanishes!
Deactivating autopickup; reactivate with Ctrl-A.
You slash the gnoll sergeant!
You kill the gnoll sergeant!
The gnoll hits you with a +0 club.
You die...

,≈* *,* #.#
*,,***#..... ***
*,* #.#
*,,,,...#... ,*
*,* #.#
*,****#,#.## **
*,* #.#
*,*,,,,,#.,. *,*
#g# *,*,,,,,#*##
*,* #.#
*,*******,,, *,*
#g#****,***≈***,,*
***,*
#g#*,,,,**≈≈,**,,*
*<,,*
#@#*,*****≈≈≈*,,,*
******** ##.#*,*
*,,≈*,*,* **≈,,**
#†.#*,* *,,≈***,*
*≈≈,≈,* #.##*,*
*≈,≈**,,,
****###########.#
*,* **≈**,,*,
,,,,.........##.#
*,**********,,,
,***.##.####....#
*,,,,,,,,,,**,,
,**,,*#.## ####.#
******,,,,,,,,,
.##.#*#..## #.#
**,****,***


You could see 3 gnolls.

Vanquished Creatures
  A gnoll sergeant (D:4)
  4 adders
  2 gnolls (D:4)
  An adder skeleton (D:4)
  2 dart slugs
  3 ball pythons
  6 endoplasms
  7 giant cockroaches
  8 goblins
  4 hobgoblins
  2 quokkas (D:2)
  4 bats
  5 frilled lizards
  A kobold (D:2)
  5 rats
55 creatures vanquished.

Vanquished Creatures (others)
  7 fungi (D:4)
  12 plants (D:3)
19 creatures vanquished.

Grand Total: 74 creatures vanquished

Notes
Turn   | Place    | Note
-------+----------+-------------------------------------------
     0 | D:1      | AarnesTheHuman the Barachi Fighter began the quest for the
                  | Orb.
     0 | D:1      | Reached XP level 1. HP: 18/18 MP: 1/1
   212 | D:1      | Reached XP level 2. HP: 25/25 MP: 2/2
   863 | D:2      | Reached XP level 3. HP: 30/30 MP: 3/3
  1061 | D:2      | Found Mogesch's Assorted Antiques.
  1798 | D:3      | Reached XP level 4. HP: 32/37 MP: 4/4
  2164 | D:4      | Noticed a gnoll sergeant
  2218 | D:4      | Found a sparkling altar of Nemelex Xobeh.
  2326 | D:4      | Reached XP level 5. HP: 37/43 MP: 5/5
  2431 | D:4      | HP: 2/43 [gnoll sergeant (7)]
  2432 | D:4      | Slain by a gnoll

Illustrated notes

Levels and vault maps discovered:
D:1:      erik_arrival_cave_to_civilisation [erik_arrival_cave_to_hall],
          layout_loops_ring
D:2:      layout_loops_ring, shapermc_ecumenical_altar_petra, serial_shops, shop
D:3:      layout_basic, serial_bayou, serial_bayou_lagoon_a,
          serial_bayou_pond_e, serial_bayou_ford_a, serial_bayou_pond_e
D:4:      layout_loops_ring, nemelex_xobeh_ov_fountains_minmay, serial_aquarium,
          aquarium_bridge_straight [aquarium_subvault_bridge,
          aquarium_subvault_balcony, aquarium_subvault_bridge,
          aquarium_subvault_wall], aquarium_window_fake, aquarium_window_1,
          aquarium_window_1, aquarium_view_2g

Skill      XL: |  1  2  3  4 |
---------------+-------------+-----
Armour         | 4 |  4.6
Fighting       | 4 |  4.6
Long Blades    | 3 |  3.5
Shields        | 4 |  4.1

Action                   |  1- 3 |  4- 6 || total
-------------------------+-------+-------++-------
Melee: Long sword        |   128 |    42 ||   170
Throw: Dart              |       |    16 ||    16
  Use: Scroll            |       |     8 ||     8
       Potion            |       |     1 ||     1
Armor: Scale mail        |    82 |    19 ||   101
Dodge: Dodged            |    72 |    12 ||    84
Block: Buckler           |    21 |       ||    21
       Kite shield       |     6 |    20 ||    26

Table legend: (Time is in decaauts)
 A = Elapsed time spent in this place.
 B = Non-inter-level travel time spent in this place.
 C = Inter-level travel time spent in this place.
 D = Time resting spent in this place.
 E = Time spent auto-exploring this place.
 F = Levels seen in this place.
 G = Mean time per level.
                   A        B        C        D        E       F      G
               +--------+--------+--------+--------+--------+-----+--------+
         Total |   2856 |   2711 |    145 |     48 |   2108 |   4 |  714.0 |
       Dungeon |   2856 |   2711 |    145 |     48 |   2108 |   4 |  714.0 |
               +--------+--------+--------+--------+--------+-----+--------+

Top non-repeatable levels by time:
     D:1: 1023 daAuts
     D:2: 853 daAuts
     D:3: 611 daAuts
     D:4: 367 daAuts
